 Seeded DCSS version 0.28-a0-1567-g1695149f81 (webtiles) character file.

Game seed: 1912 (custom seed)

137 knot the Chopper (level 5, 41/41 HPs)
             Began as a Demonspawn Berserker on Jan 20, 2022.
             Was a Follower of Trog.
             Quit the game on level 3 of the Dungeon.
             The game lasted 00:02:00 (3914 turns).

knot the Chopper (Demonspawn Berserker)             Turns: 3914, Time: 00:02:00

Health: 41/41      AC:  2    Str: 17    XL:     5   Next: 0%
Magic:  5/5        EV: 14    Int: 11    God:    Trog [*.....]
Gold:   56         SH:  0    Dex: 12    Spells: 4/4 levels left

rFire   . . .      SeeInvis .   a - +0 hand axe
rCold   . . .      Faith    .   (no shield)
rNeg    . . .      Spirit   .   b - +0 animal skin
rPois   .          Reflect  .   (no helmet)
rElec   .          Harm     .   (no cloak)
rCorr   .          Rampage  .   (no gloves)
Will    .....                   (no boots)
Stlth   +.........              (no amulet)
HPRegen 0.13/turn               (no ring)
MPRegen 0.09/turn               (no ring)

@: no status effects
A: claws 1, repulsion field 1, demonic magic 2
a: Renounce Religion, Berserk


You were on level 3 of the Dungeon.
You worshipped Trog.
Trog was aware of your devotion.
You visited 1 branch of the dungeon, and saw 3 of its levels.

You collected 56 gold pieces.

Inventory:

Hand Weapons
 a - a +0 hand axe (weapon)
Missiles
 d - 5 curare-tipped darts (quivered)
 e - 37 stones
Armour
 b - a +0 animal skin (worn)
Scrolls
 f - 2 scrolls of amnesia {unknown}
 g - 2 scrolls of enchant weapon {unknown}
 h - a scroll of blinking {unknown}
 i - 2 scrolls of identify {unknown}
 j - a scroll of teleportation {unknown}
Potions
 c - a potion of haste {unknown}
 k - 2 potions of might {unknown}


   Skills:
 - Level 3.0 Fighting
 * Level 4.4 Axes
 * Level 2.4 Throwing
 - Level 1.7 Armour
 - Level 1.7 Dodging


You had 4 spell levels left.
You didn't know any spells.
Your spell library was empty.

Dungeon Overview and Level Annotations

Branches:
Dungeon (3/15)

Altars:
Zin


Innate Abilities, Weirdness & Mutations

You have sharp fingernails.
You are surrounded by a mild repulsion field. (EV +2)
Spells you cast may paralyse nearby enemies.


Message History

The rat is heavily wounded.
The rat misses you.
A rat is nearby!
You slash the rat!
You kill the rat!
Trog accepts your kill.
You open the door.
There is an open door here.
Found 27 bolts.
Key pressed, stopping explore.
No target in view!
No target in view!
f - 2 scrolls labelled MONIUDYRHI (gained 1)
You see here 27 bolts.
There is an open door here.
An orc comes into view. It is wielding a +0 whip.
An orc is nearby!
You hit the orc but do no damage. The orc hits you with a +0 whip.
You hit the orc but do no damage. The orc hits you with a +0 whip.
You barely miss the orc. The orc hits you with a +0 whip.
You hit the orc but do no damage. The orc hits you but does no damage.
You hit the orc but do no damage. The orc misses you.
You slash the orc!
You kill the orc!
Trog accepts your kill.
Things that are here:
a +0 whip; a +0 chain mail; an orc corpse A hobgoblin comes into view.
The hobgoblin shouts!
A hobgoblin is nearby!
A hobgoblin is nearby!
A hobgoblin is nearby!
The hobgoblin barely misses you.
You slash the hobgoblin!
You kill the hobgoblin!
Trog accepts your kill.
You have reached level 5!
Your demonic ancestry asserts itself...
You begin to radiate repulsive energy.
Are you sure you want to abandon this character and quit the game? (Confirm with "yes".)

#.# #.#
#.# #.#
#.# #.#
#.# #.#
#@# #†#
..#
....
.....
#######


There were no monsters in sight!

Vanquished Creatures
  4 gnolls (D:2)
  5 adders
  A dart slug (D:2)
  2 orcs (D:3)
  3 ball pythons
  2 bats
  7 endoplasms
  3 giant cockroaches
  4 goblins (D:1)
  4 hobgoblins
  5 kobolds
  2 quokkas (D:2)
  4 frilled lizards
  6 rats
52 creatures vanquished.

Notes
Turn   | Place    | Note
-------+----------+-------------------------------------------
     0 | D:1      | knot the Demonspawn Berserker began the quest for the Orb.
     0 | D:1      | Reached XP level 1. HP: 18/18 MP: 1/1
   167 | D:1      | Reached skill level 3 in Axes
   527 | D:1      | Found a faded altar of an unknown god.
   533 | D:1      | Gained mutation: Spells you cast may paralyse adjacent
                  | enemies. [demonic ancestry]
   533 | D:1      | Reached XP level 2. HP: 18/24 MP: 2/2
  1511 | D:2      | Gained mutation: You have sharp fingernails. [demonic
                  | ancestry]
  1511 | D:2      | Reached XP level 3. HP: 28/29 MP: 3/3
  1597 | D:2      | Reached skill level 1 in Throwing
  2272 | D:2      | Reached skill level 4 in Axes
  2272 | D:2      | Gained mutation: Spells you cast may paralyse nearby
                  | enemies. [demonic ancestry]
  2272 | D:2      | Reached XP level 4. HP: 7/35 MP: 4/4
  3914 | D:3      | Gained mutation: You are surrounded by a mild repulsion
                  | field. (EV +2) [demonic ancestry]
  3914 | D:3      | Reached XP level 5. HP: 41/41 MP: 5/5
  3914 | D:3      | Quit the game

Illustrated notes

Levels and vault maps discovered:
D:1:      matt_arrival_los_fun, layout_basic,
          dreamdust_ecumenical_altar_statues, minivault_23, columned_hall_lemuel
D:2:      layout_basic, basic_altar
D:3:      layout_basic, serial_shops,
          nicolae_shop_temple_entry_statues_fountains, hangedman_feature_mirror,
          uniq_jessica

Skill      XL: |  1  2  3  4 |
---------------+-------------+-----
Axes           | 3 4 |  4.4
Throwing       | 1 2 |  2.4
Fighting       | |  3.0
Armour         | |  1.7
Dodging        | |  1.7

Action                   |  1- 3 |  4- 6 || total
-------------------------+-------+-------++-------
Melee: Hand axe          |    88 |    44 ||   132
Throw: Dart              |     4 |     2 ||     6
Invok: Berserk           |     3 |     1 ||     4
Armor: Animal skin       |    15 |     4 ||    19
Dodge: Dodged            |    52 |    17 ||    69

Table legend: (Time is in decaauts)
 A = Elapsed time spent in this place.
 B = Non-inter-level travel time spent in this place.
 C = Inter-level travel time spent in this place.
 D = Time resting spent in this place.
 E = Time spent auto-exploring this place.
 F = Levels seen in this place.
 G = Mean time per level.
                   A        B        C        D        E       F      G
               +--------+--------+--------+--------+--------+-----+--------+
         Total |   3977 |   3947 |     30 |   1399 |   2204 |   3 | 1325.7 |
       Dungeon |   3977 |   3947 |     30 |   1399 |   2204 |   3 | 1325.7 |
               +--------+--------+--------+--------+--------+-----+--------+

Top non-repeatable levels by time:
     D:2: 1983 daAuts
     D:1: 1357 daAuts
     D:3: 636 daAuts
